 Dungeon Crawl Stone Soup version 0.25.1-2-g60ff931df9 (webtiles) character file.

Game seed: 18387123707015088676

279 ANNNA the Magician (level 6, -10/32 HPs)
             Began as a Deep Elf Venom Mage on Nov 16, 2020.
             Hit by a silver boomerang thrown by an orc warrior (15 damage)
             ... on level 4 of the Dungeon.
             The game lasted 00:13:39 (5069 turns).

ANNNA the Magician (Deep Elf Venom Mage)            Turns: 5069, Time: 00:13:39

Health: -10/32     AC:  2    Str:  7    XL:     6   Next: 5%
Magic:  7/15       EV: 13    Int: 20    God:
Gold:   228        SH:  0    Dex: 15    Spells: 2/15 levels left

rFire    . . .     SeeInvis .   f - +0 dagger
rCold    . . .     Gourm    .   (no shield)
rNeg     . . .     Faith    .   a - +0 robe
rPois    .         Spirit   .   (no helmet)
rElec    .         Reflect  .   (no cloak)
rCorr    .         Harm     .   (no gloves)
MR       .....                  (no boots)
Stlth    ++........             (no amulet)
HPRegen  0.10/turn              (no ring)
MPRegen  0.14/turn              (no ring)

@: very slightly contaminated
A: no striking features
a: no special abilities


You were on level 4 of the Dungeon.
You were not hungry.

You visited 1 branch of the dungeon, and saw 4 of its levels.

You collected 228 gold pieces.

Inventory:

Hand Weapons
 f - a +0 dagger (weapon)
Missiles
 e - 81 stones (quivered)
Armour
 a - a +0 robe (worn)
 d - +0 fire dragon scales
 n - a +4 scale mail of fire resistance
Jewellery
 b - an uncursed ring of ice {unknown}
 m - an uncursed ring of see invisible
Scrolls
 g - 2 scrolls of identify
 h - 3 scrolls of remove curse {unknown}
 i - a scroll of magic mapping {unknown}
 k - 3 scrolls of amnesia
 p - a scroll of fog {unknown}
 q - 3 scrolls of teleportation {unknown}
 r - a scroll of enchant armour {unknown}
 s - a scroll of noise {unknown}
Potions
 j - 2 potions of stabbing
 l - 2 potions of curing
Comestibles
 c - 6 rations
 t - 4 chunks of flesh


   Skills:
 + Level 0.1 Fighting
 + Level 2.7 Dodging
 + Level 2.5 Stealth
 + Level 5.3 Spellcasting
 + Level 2.0 Transmutations
 + Level 2.5 Air Magic
 + Level 5.1 Poison Magic


You had 2 spell levels left.
You knew the following spells:

 Your Spells              Type           Power        Failure   Level  Hunger
a - Sting                 Tmut/Pois      ###.         2%          1    None
b - Poisonous Vapours     Pois/Air       ###...       3%          2    None
c - Ignite Poison         Fire/Tmut/Pois ###.....     12%         3    ##.....
d - Mephitic Cloud        Conj/Pois/Air  ###.....     12%         3    ##.....
e - Olgreb's Toxic Radia  Pois           ####....     14%         4    ####...

Your spell library contained the following spells:

 Spells                   Type           Power        Failure   Level  Hunger


Dungeon Overview and Level Annotations

Branches:
Dungeon (4/15)
 Temple: D:4-7

Altars:
Fedhas
Gozag
Trog
Uskayaw


Message History

Casting: Poisonous Vapours (safe; 3% risk of failure)
Confirm with . or Enter, or press ? or * to list all spells.
The spell is quite dangerous to cast (12% risk of failure)!
Continue anyway? [Y]es or [N]o only, please.
The spell is quite dangerous to cast (12% risk of failure)!
Continue anyway? [Y]es or [N]o only, please.
The spell is quite dangerous to cast (12% risk of failure)!
Continue anyway?
Okay, then.
It was a potion of invisibility.
You fade into invisibility!
An orc comes into view. It is wielding a +0 dagger.
The orc warrior throws a silver boomerang.
The silver boomerang closely misses you.
The weapon returns to the orc warrior!
You flicker for a moment.
You flicker back into view.
There is an escape hatch in the ceiling here.
The orc warrior throws a silver boomerang.
The silver boomerang hits you!
You die...

##.#####.......#### #..
#.## #....#### #..# #.#
##.#### ##### #...#
#.#####..# ##.... #...#
#..##...## #...##
#...#####.....## ##..#
#...####....# ##.##
#...###...### ##.#
#.......@..######## ##.
##.................## ##
###.o#######..........##
# #...## ##########..#
#...## #..# ##....# #.##
## ##.....# #### ##.#
##. #...#..#######..##
#..# ##..
#................#
##.###..#


You could see an orc warrior.

Vanquished Creatures
  A hound (D:4)
  A worker ant (D:3)
  Terence (D:2)
  4 gnolls (D:2)
  5 adders
  An ooze (D:3)
  5 worms
  3 dart slugs
  3 leopard geckos (D:1)
  3 orcs (D:4)
  6 giant cockroaches
  10 goblins
  12 hobgoblins
  5 jackals
  8 kobolds
  3 quokkas
  2 ball pythons
  6 bats
  4 frilled lizards
  2 rats
85 creatures vanquished.

Notes
Turn   | Place    | Note
-------+----------+-------------------------------------------
     0 | D:1      | ANNNA the Deep Elf Venom Mage began the quest for the Orb.
     0 | D:1      | Reached XP level 1. HP: 10/10 MP: 6/6
   360 | D:1      | Reached XP level 2. HP: 15/15 MP: 5/8
   366 | D:1      | Learned a level 2 spell: Poisonous Vapours
   996 | D:1      | Reached XP level 3. HP: 19/19 MP: 0/10
  1523 | D:2      | Reached skill level 1 in Air Magic
  1680 | D:2      | Reached XP level 4. HP: 12/24 MP: 3/12
  2069 | D:2      | Noticed Terence
  2090 | D:2      | Killed Terence
  2175 | D:2      | Learned a level 3 spell: Ignite Poison
  2179 | D:2      | Learned a level 3 spell: Mephitic Cloud
  2904 | D:2      | Reached XP level 5. HP: 28/28 MP: 9/13
  3323 | D:3      | Found a bloodstained altar of Trog.
  3516 | D:3      | You fall into a shaft and drop 1 floor!
  3664 | D:3      | Found an opulent altar of Gozag.
  3800 | D:3      | Found a faded altar of an unknown god.
  4374 | D:3      | Learned a level 4 spell: Olgreb's Toxic Radiance
  4375 | D:4      | Noticed an ogre
  4379 | D:3      | Reached skill level 5 in Spellcasting
  4379 | D:3      | Reached skill level 5 in Poison Magic
  4798 | D:4      | Found a bloodstained altar of Trog.
  4802 | D:4      | Found a hide-covered altar of Uskayaw.
  4818 | D:4      | Found a blossoming altar of Fedhas.
  5034 | D:4      | Reached XP level 6. HP: 32/32 MP: 4/15
  5035 | D:4      | Noticed an orc warrior
  5069 | D:4      | Hit by a silver boomerang thrown by an orc warrior

Illustrated notes

Levels and vault maps discovered:
D:1:      zaba_arrival_water, layout_basic, minmay_bisected
D:2:      layout_basic, minmay_pentomino_z2, uniq_terence
D:3:      layout_basic, old_standard_altar, lemuel_doored_altar,
          chequers_ecumenical_altar_grove
D:4:      layout_layer_cave, grunt_temple_overflow_growth_and_decay,
          overflow_temple_1_default, first_ration,
          chequers_serial_rivers_small_3, bloody_trog, uniq_pikel,
          uniq_eustachio, uniq_edmund

Skill      XL: |  1  2  3  4  5 |
---------------+----------------+-----
Spellcasting   | 4 5 |  5.3
Air Magic      | 1 2 |  2.5
Poison Magic   | 4 5 |  5.1
Transmutations | 2 |  2.0
Fighting       | |  0.1
Dodging        | |  2.7
Stealth        | |  2.5

Action                   |  1- 3 |  4- 6 || total
-------------------------+-------+-------++-------
Melee: Unarmed           |     2 |       ||     2
       Dagger            |    14 |       ||    14
 Cast: Sting             |    25 |    30 ||    55
       Poisonous Vapours |    38 |    60 ||    98
       Ignite Poison     |       |     4 ||     4
       Olgreb's Toxic Ra |       |     1 ||     1
  Use: Scroll            |     3 |       ||     3
       Potion            |       |     1 ||     1
  Eat: Chunk             |     3 |     8 ||    11
       Ration            |       |     1 ||     1
Armor: Robe              |     9 |     5 ||    14
Dodge: Dodged            |    27 |    30 ||    57
